 Dungeon Crawl Stone Soup version 0.21-a0-24-ga372141 (webtiles) character file.

5 Manul the Ducker (level 1, -1/11 HPs)
             Began as a Spriggan Abyssal Knight on May 25, 2017.
             Was a Follower of Lugonu.
             Killed from afar by a white imp (9 damage)
             ... with a puff of frost
             ... on level 1 of the Abyss.
             The game lasted 00:00:58 (252 turns).

Manul the Ducker (Spriggan Abyssal Knight)           Turns: 252, Time: 00:00:58

Health: -1/11      AC:  2    Str:  8    XL:     1   Next: 66%
Magic:  3/3        EV: 18    Int: 13    God:    Lugonu [*.....]
Gold:   0          SH:  0    Dex: 15    Spells: 0/0 levels left

rFire    . . .     SeeInvis +   a - +1 short sword
rCold    . . .     Gourm    .   (shield restricted)
rNeg     . . .     Faith    .   b - +0 robe
rPois    .         Spirit   .   (helmet restricted)
rElec    .         Reflect  .   (no cloak)
rCorr    .         Harm     .   (gloves unavailable)
MR       .....                  (boots unavailable)
Stlth    ++........             (no amulet)
Regen    0.1/turn               (no ring)
MPRegen  0.1/turn               (no ring)

@: very slightly contaminated, very quick
A: unfitting armour, see invisible, herbivore 3, speed 3, slow metabolism 2
a: Depart the Abyss, Renounce Religion


You were on level 1 of the Abyss.
You worshipped Lugonu.
Lugonu was aware of your devotion.
You were not hungry.

You visited 0 branches of the dungeon, and saw 0 of its levels.
You visited the Abyss 1 time.

Inventory:

Hand Weapons
 a - a +1 short sword (weapon)
Armour
 b - a +0 robe (worn)
Scrolls
 d - a scroll of amnesia {unknown}
Comestibles
 c - 2 bread rations


   Skills:
 - Level 2.4 Fighting
 - Level 2.1 Short Blades
 - Level 3.5 Dodging
 * Level 2.2 Stealth
 - Level 1.7 Invocations


You couldn't memorise any spells.
You didn't know any spells.

Dungeon Overview and Level Annotations

Branches:
Dungeon (0/15)

Altars:


Innate Abilities, Weirdness & Mutations

You are very small and have problems with some larger weapons.
You are too small for most types of armour.
You have supernaturally acute eyesight. (SInv)
You are a herbivore.
You cover ground extremely quickly.
You need consume almost no food.


Message History

A ynoxinul comes into view.
d - a scroll labeled RENWONAYLA A small abomination comes into view.
A chaos spawn comes into view.
A wolf spider zombie comes into view.
An ufetubus comes into view.
The chaos spawn barks!
The ufetubus moves out of view.
You flicker for a moment.
You flicker back into view.
Found a dagger.
A white imp comes into view.
The white imp shouts!
The white imp shouts, "Escape, thou mangled shard-borne sissy-prig!"
Found a gateway leading deeper into the Abyss.
A freezing wraith comes into view.
The white imp gestures at you. The puff of frost hits you!
Ouch! That really hurt!
You die...

.. .. . ##. . . #.
.#.##. .##..##.. #.
##........ .. #.#
###........ ...
###...##....##..# ..#
W......@...###..##..##
.##.##>#.#..5.........
#.#.#.....).......
####....##x.##..#
#.#...##..##..##
..#..#...........
.#..##............
###..####. ##..## .. #
..##..##


You could see a freezing wraith (wandering), a small abomination and a white
imp.

Vanquished Creatures
  An ufetubus (Abyss:1)
1 creature vanquished.

Notes
Turn   | Place    | Note
-------+----------+-------------------------------------------
     0 | Abyss:1  | Manul the Spriggan Abyssal Knight began the quest for the Orb.
     0 | Abyss:1  | Reached XP level 1. HP: 11/11 MP: 3/3
    40 | Abyss:1  | Found a corrupted altar of Lugonu.
   106 | Abyss:1  | Noticed a storm dragon simulacrum
   128 | Abyss:1  | Noticed a large abomination
   162 | Abyss:1  | Noticed a smoke demon
   186 | Abyss:1  | Noticed a starcursed mass
   199 | Abyss:1  | Noticed a large abomination
   208 | Abyss:1  | Noticed a ynoxinul
   223 | Abyss:1  | Noticed a small abomination
   223 | Abyss:1  | Noticed a chaos spawn
   225 | Abyss:1  | Noticed a wolf spider zombie
   252 | Abyss:1  | Noticed a freezing wraith
   252 | Abyss:1  | Killed from afar by a white imp

Vault maps used:
Abyss:1:  hangedman_abyss_feature_spike

Skill      XL: |  1 |
---------------+----+-----
Stealth        | 2 |  2.2
Fighting       | |  2.4
Short Blades   | |  2.1
Dodging        | |  3.5
Invocations    | |  1.7

Action                   || total
-------------------------++-------
Melee: Short sword       ||     7
  Use: Potion            ||     1
 Stab: Invisible         ||     1
Armor: Robe              ||     1
Dodge: Dodged            ||    19
